 Dungeon Sprint DCSS version 0.30.1-9-gdf580d7c3d (webtiles) character file.

Game seed: 7359308003925570549

11876 Heoruswealwe the Phalangite (level 11, -1/117 HPs)
             Began as a Minotaur Fighter on Oct 20, 2023.
             Was an Initiate of Gozag.
             Slain by an orc knight
             ... wielding a +2 great sword
              (10 damage)
             ... in the Dungeon (Sprint IX: "|||||||||||||||||||||||||||||").
             The game lasted 00:11:56 (1453 turns).

Heoruswealwe the Phalangite (Minotaur Fighter)      Turns: 1453, Time: 00:11:57

Health: -1/117     AC: 30    Str: 26    XL:     11   Next: 55%
Magic:  10/10      EV:  8    Int:  5    God:    Gozag
Gold:   4659       SH:  0    Dex:  9    Spells: 10/10 levels left

rFire   . . .        b - +2 halberd (protect)
rCold   . . .        (shield currently unavailable)
rNeg    . . .        c - +0 plate armour
rPois   .            (helmet restricted)
rElec   .            h - +0 cloak
rCorr   .            f - +0 pair of gloves
SInv    .            e - +0 pair of boots
Will    .....        (no amulet) Stlth
                     (no ring)
HPRegen 0.39/turn    (no ring)
MPRegen 0.12/turn

%: no teleportation
@: gold aura, under a protective aura
A: horns 2, retaliatory headbutt
a: Renounce Religion, Potion Petition, Call Merchant, Bribe Branch


You were in the Dungeon.
You worshipped Gozag.
Gozag was most pleased with you.
You visited 1 branch You collected 4659 gold pieces.

Inventory:

Hand Weapons
 a - a +0 trident
 b - a +2 halberd of protection (weapon)
Armour
 c - a +0 plate armour (worn)
 d - a +0 buckler
 e - a +0 pair of boots (worn)
 f - a +0 pair of gloves (worn)
 h - a +0 cloak (worn)
Wands
 m - a wand of roots (10)
 n - a wand of charming (11)
Scrolls
 o - 3 scrolls of enchant armour
 p - 3 scrolls of identify
 q - 3 scrolls of enchant weapon
Potions
 g - a potion of haste
 i - a potion of berserk rage
 k - 2 potions of might


   Skills:
 + Level 17.6 Fighting
 * Level 23.6 Polearms
 + Level 17.6 Armour
 - Level 3.6 Shields


You had 10 spell levels left.
You didn't know any spells.
Your spell library was empty.

Dungeon Overview and Level Annotations

Branches:
Dungeon (1/1)

Altars:
Cheibriados
Dithmenos
Elyvilon
Fedhas
Gozag
Hepliaklqana
Kikubaaqudgha
Makhleb
Nemelex Xobeh
Okawaru
Qazlal
Ru
Sif Muna
Trog
Uskayaw
Vehumet
Wu Jian
Xom
Yredelemnul
Zin
The Shining One
Jiyva
Lugonu


Innate Abilities, Weirdness & Mutations

You have a pair of horns on your head.
You reflexively headbutt those who attack you in melee.


Message History

You slash the orc knight! You headbutt the orc knight.
The orc knight is lightly wounded.
The orc knight hits you with a +0 war axe!
* * * LOW HITPOINT WARNING * * *
You slash the orc knight! You headbutt the orc knight!
The orc knight is heavily wounded.
You puncture the orc knight!
The orc knight is severely wounded.
The orc knight hits you with a +0 war axe!
* * * LOW HITPOINT WARNING * * *
Blink to where?
Press: ? - help, Dir - move target, p - orc knight
As you read the scroll of blinking, it crumbles to dust.
Blink to where?
Press: ? - help, Dir - move target
As you read the scroll of blinking, it crumbles to dust.
Blink to where?
Press: ? - help, Dir - move target
As you read the scroll of blinking, it crumbles to dust.
Blink to where?
Press: ? - help, Dir - move target
As you read the scroll of blinking, it crumbles to dust.
You start resting.
An orc knight is nearby!
You hit the orc knight.
Your weapon exudes an aura of protection.
Your headbutt misses the orc knight.
The orc knight is severely wounded.
The orc knight hits you but does no damage.
You spit the orc knight like a pig!!!
You kill the orc knight!
You slash the orc!
You kill the orc!
The orc knight hits you with a +2 great sword.
* * * LOW HITPOINT WARNING * * *
Items here: $ )) [[.
The orc knight attacks as you move away!
The orc knight hits you with a +2 great sword!
You die...
Your body crumbles into a pile of gold.

▓.▓.▓.▓.▓.▓
▓.▓.▓'▓.▓.▓
▓.▓.▓.▓.▓.▓
▓.▓.▓.▓.▓)▓
▓.▓.▓.▓.▓†▓
▓.▓.▓.▓.▓.▓
▓o▓.▓.▓.▓!▓
▓o▓.▓.▓.▓.▓
▓.@.▓...▓<▓
▓▓▓▓▓▓▓▓▓▓▓


You could see an orc knight and an orc warrior.

Vanquished Creatures
  A centaur warrior (D)
  A two-headed ogre (D)
  A tengu warrior (D)
  An orc high priest (D)
  A skyshark (D)
  3 orc knights (D)
  An orc sorcerer (D)
  An ugly thing (D)
  A cyclops (D)
  2 black mambas (D)
  Joseph (D)
  2 cane toads (D)
  An unseen horror (D)
  2 rime drakes (D)
  A troll (D)
  5 polar bears (D)
  A blink frog (D)
  A shadow (D)
  A wraith (D)
  2 basilisks (D)
  5 water moccasins (D)
  4 black bears (D)
  6 orc warriors (D)
  An ice beast (D)
  2 wolves (D)
  A centaur (D)
  A kobold brigand (D)
  A scorpion (D)
  3 orc priests (D)
  A sleepcap (D)
  2 iguanas (D)
  4 orc wizards (D)
  A dart slug (D)
  6 orcs (D)
  2 giant cockroaches (D)
  A goblin (D)
  A kobold (D)
72 creatures vanquished.

Notes
Turn   | Place    | Note
-------+----------+-------------------------------------------
     0 | D        | Heoruswealwe the Minotaur Fighter began the quest for the
                  | Orb.
     0 | D        | Reached XP level 1. HP: 19/19 MP: 0/0
     7 | D        | Reached skill level 3 in Polearms
    14 | D        | Banished a spatial maelstrom
    20 | D        | Reached skill level 4 in Polearms
    21 | D        | Reached XP level 2. HP: 28/28 MP: 1/1
    26 | D        | Noticed an ice beast
    26 | D        | Noticed a scorpion
    29 | D        | Killed a scorpion
    30 | D        | Reached skill level 5 in Fighting
    30 | D        | Reached skill level 7 in Polearms
    30 | D        | Reached skill level 5 in Armour
    30 | D        | Reached XP level 3. HP: 30/37 MP: 2/2
    30 | D        | Reached XP level 4. HP: 36/44 MP: 3/3
    46 | D        | Reached skill level 8 in Polearms
    48 | D        | Reached skill level 9 in Polearms
    48 | D        | Reached XP level 5. HP: 38/52 MP: 4/4
    53 | D        | Killed an ice beast
    54 | D        | Reached skill level 10 in Polearms
    60 | D        | Found a snail-covered altar of Cheibriados.
    60 | D        | Found a shadowy altar of Dithmenos.
    60 | D        | Found a white marble altar of Elyvilon.
    60 | D        | Found a blossoming altar of Fedhas.
    60 | D        | Found an opulent altar of Gozag.
    61 | D        | Found a hazy altar of Hepliaklqana.
    62 | D        | Found a viscous altar of Jiyva.
    63 | D        | Found an ancient bone altar of Kikubaaqudgha.
    64 | D        | Found a corrupted altar of Lugonu.
    65 | D        | Found a burning altar of Makhleb.
    66 | D        | Found a sparkling altar of Nemelex Xobeh.
    67 | D        | Found an iron altar of Okawaru.
    68 | D        | Became a worshipper of Gozag Ym Sagoz the Greedy
    69 | D        | Found a stormy altar of Qazlal.
    70 | D        | Found a sacrificial altar of Ru.
    71 | D        | Found a shimmering blue altar of Sif Muna.
    72 | D        | Found a bloodstained altar of Trog.
    73 | D        | Found a hide-covered altar of Uskayaw.
    74 | D        | Found a radiant altar of Vehumet.
    75 | D        | Found an ornate altar of the Wu Jian Council.
    76 | D        | Found a shimmering altar of Xom.
    77 | D        | Found a basalt altar of Yredelemnul.
    78 | D        | Found a glowing silver altar of Zin.
    79 | D        | Found a glowing golden altar of the Shining One.
   151 | D        | Noticed a centaur
   151 | D        | Noticed a two-headed ogre
   151 | D        | Noticed a shadow
   151 | D        | Noticed a troll
   156 | D        | Killed a troll
   157 | D        | Reached skill level 12 in Polearms
   157 | D        | Reached XP level 6. HP: 42/64 MP: 5/5
   164 | D        | Killed a shadow
   165 | D        | Reached skill level 10 in Fighting
   165 | D        | Reached skill level 13 in Polearms
   165 | D        | Reached skill level 10 in Armour
   165 | D        | Reached XP level 7. HP: 26/72 MP: 6/6
   169 | D        | Killed a two-headed ogre
   170 | D        | Reached skill level 15 in Polearms
   170 | D        | Reached XP level 8. HP: 48/82 MP: 7/7
   290 | D        | Noticed a cyclops
   290 | D        | Noticed a centaur warrior
   290 | D        | Noticed a purple ugly thing
   290 | D        | Noticed a tengu warrior
   307 | D        | Killed a tengu warrior
   308 | D        | Reached skill level 16 in Polearms
   314 | D        | Killed a purple ugly thing
   315 | D        | Reached skill level 17 in Polearms
   315 | D        | Reached XP level 9. HP: 28/93 MP: 8/8
   324 | D        | Killed a centaur warrior
   325 | D        | Reached skill level 18 in Polearms
   340 | D        | Killed a cyclops
   350 | D        | Killed an unseen horror
   351 | D        | Reached skill level 19 in Polearms
   677 | D        | Noticed a black mamba
   677 | D        | Noticed a cane toad
   680 | D        | Noticed a rime drake
   682 | D        | Noticed a black mamba
   685 | D        | Noticed a rime drake
   696 | D        | Reached XP level 10. HP: 96/104 MP: 9/9
   699 | D        | Killed a cane toad
   717 | D        | Killed a black mamba
   718 | D        | Reached skill level 20 in Polearms
   721 | D        | Reached skill level 15 in Fighting
   721 | D        | Reached skill level 15 in Armour
   724 | D        | Killed a black mamba
   844 | D        | Noticed a skyshark
   844 | D        | Noticed a cane toad
   856 | D        | Killed a cane toad
   861 | D        | Reached skill level 21 in Polearms
   866 | D        | Killed a skyshark
  1005 | D        | Reached XP level 11. HP: 88/115 MP: 10/10
  1010 | D        | Reached skill level 22 in Polearms
  1126 | D        | Noticed Joseph
  1136 | D        | Killed Joseph
  1250 | D        | Noticed an orc knight
  1269 | D        | Killed an orc knight
  1353 | D        | Noticed an orc knight
  1353 | D        | Noticed an orc sorcerer
  1357 | D        | Noticed a soul eater
  1358 | D        | Noticed an orc high priest
  1371 | D        | Paralysed by an orc sorcerer for 2 turns
  1378 | D        | Killed an orc sorcerer
  1383 | D        | Killed an orc knight
  1384 | D        | Reached skill level 23 in Polearms
  1391 | D        | Noticed an orc knight
  1399 | D        | Noticed an orc knight
  1403 | D        | Killed an orc high priest
  1421 | D        | HP: 1/117 [orc knight/+0 war axe (17)]
  1450 | D        | Killed an orc knight
  1453 | D        | Slain by an orc knight

Illustrated notes

Levels and vault maps discovered:
D:        linesprint [early_d, line_temple, items_1, d_10, items_2, lair_1,
          lair_end, items_3, orc_1, orc_end, items_4, d_15, swamp_1, shoals_1,
          snake_1, spider_1, d_20, vaults_1, items_5, swamp_end, shoals_end,
          snake_end, spider_end, vaults_end, d_27, items_6, zot_1, zot_end,
          crypt_end, forest_end, elf_end, slime_end, tomb_end, abyss_end,
          pan_hell_end]

Skill      XL: |  1  2  3  4  5  6  7  8  9 10 11 |
---------------+----------------------------------+-----
Polearms       | 4 7 9 12 13 15 17 19 21 23 | 23.6
Fighting       | 4 5 7 9 10 11 13 14 16 17 | 17.6
Armour         | 4 5 7 9 10 11 13 14 16 17 | 17.6
Shields        | |  3.6

Action                     |  1- 3 |  4- 6 |  7- 9 | 10-12 || total
---------------------------+-------+-------+-------+-------++-------
  Melee: Trident           |    18 |    24 |       |       ||    42
         Headbutt          |     3 |     9 |    19 |    36 ||    67
         Halberd           |       |    13 |    77 |   189 ||   279
    Use: Potion            |       |       |     7 |     5 ||    12
         Scroll            |       |       |       |     5 ||     5
   Stab: Distracted        |       |       |       |     1 ||     1
 Armour: Scale mail        |     7 |    11 |    59 |    60 ||   137
         Plate armour      |       |       |       |    19 ||    19
  Dodge: Dodged            |     8 |    16 |    18 |    45 ||    87
  Block: Buckler           |     3 |     3 |       |       ||     6
